Map: Central Protocol

Players

Hydra

  • Race: Zerg Zerg

Neeb - Winner!

  • Race: Protoss Protoss

Event: 2016 WCS Winter Circuit Championship

VOD

Have the link to the VOD?

Description

Time

  • Played on: March 4, 2016, 8:17 a.m.
  • Length: 12:51

All games in this series

Show
View Real Time Build Order
Export as new Build Order

Hydra Zerg 

Build Orders: Hatch First, Lurkers 

Get SALT Encoding   

  12  0:00  Drone  
  13  0:12  Overlord  
  13  0:16  Drone  
  14  0:30  Drone x2  
  14  0:34  Drone  
  17  0:52  Hatchery  
  17  0:54  Drone  
  17  0:57  Drone  
  18  1:06  Drone  
  18  1:08  Extractor  
  18  1:15  Spawning Pool  
  17  1:19  Drone  
  18  1:28  Drone  
  19  1:38  Drone  
  20  1:49  Hatchery  
  20  1:50  Drone  
  20  2:00  Drone  
  21  2:03  Queen  
  23  2:09  Metabolic Boost  
  23  2:13  Drone  
  24  2:22  Queen  
  26  2:28  Overlord  
  26  2:30  Zergling x2  
  26  2:32  Zergling x2  
  28  2:45  Queen  
  28  2:46  Drone  
  28  2:47  Drone  
  28  2:48  Drone  
  28  2:51  Drone  
  34  2:53  Drone  
  34  2:58  Zergling x2  
  36  3:04  Drone x2  
  38  3:08  Drone  
  38  3:09  Drone  
  38  3:11  Drone  
  38  3:12  Drone  
  42  3:14  Overlord  
  42  3:21  Spore Crawler  
  42  3:26  Overlord  
  41  3:32  Queen  
  41  3:33  Overlord  
  44  3:34  Drone x2  
  44  3:35  Drone  
  44  3:38  Drone  
  44  3:39  Drone  
  44  3:40  Drone  
  49  3:43  Overlord  
  49  3:45  Drone  
  50  3:49  Drone x2  
  50  3:50  Drone  
  53  3:56  Drone  
  53  3:57  Spore Crawler, Drone x2  
  53  3:59  Drone  
  55  4:05  Drone  
  55  4:07  Lair  
  55  4:09  Drone  
  57  4:10  Drone  
  57  4:11  Extractor  
  57  4:13  Drone  
  57  4:15  Drone  
  57  4:16  Drone  
  57  4:17  Spore Crawler  
  59  4:19  Spore Crawler, Drone  
  59  4:23  Roach Warren  
  58  4:24  Drone  
  58  4:25  Drone  
  58  4:28  Drone x2  
  58  4:30  Extractor  
  61  4:34  Zergling x4  
  61  4:35  Zergling x2  
  61  4:37  Overlord  
  64  4:40  Drone x2  
  64  4:41  Extractor  
  64  4:42  Drone  
  64  4:43  Drone  
  64  4:44  Drone  
  64  4:45  Drone  
  69  4:46  Drone  
  69  4:48  Overlord x2  
  69  4:51  Overlord  
  69  4:54  Overlord  
  69  4:58  Drone x3  
  72  5:01  Drone  
  72  5:02  Extractor  
  72  5:05  Hydralisk Den  
  71  5:08  Drone  
  71  5:10  Extractor, Drone x2  
  71  5:14  Drone  
  74  5:19  Drone x2  
  76  5:21  Overlord  
  76  5:23  Overlord  
  76  5:27  Overlord  
  76  5:28  Drone x2  
  78  5:33  Lurker Den  
  78  5:34  Drone x2, Evolution Chamber  
  78  5:35  Hydralisk x2  
  78  5:36  Hydralisk  
  78  5:38  Hydralisk x2  
  78  5:41  Hydralisk  
  90  5:44  Overseer, Hydralisk  
  90  5:46  Hydralisk  
  94  5:52  Zergling x8  
  96  5:57  Zergling x4  
  96  6:00  Zerg Missile Weapons Level 1, Zergling x2  
  96  6:01  Zergling x4  
  100  6:04  Zergling x2  
  95  6:14  Hydralisk x5  
  95  6:18  Hydralisk x2  
  81  6:26  Drone  
  81  6:28  Drone  
  81  6:30  Drone  
  81  6:31  Drone  
  81  6:32  Drone x3  
  82  6:37  Hydralisk x4  
  87  6:42  Queen  
  79  6:47  Hydralisk x2  
  79  6:54  Overlord  
  78  6:55  Hydralisk  
  78  6:56  Hydralisk  
  78  6:59  Drone  
  81  7:05  Drone x2  
  83  7:09  Hydralisk x2  
  83  7:10  Hydralisk  
  89  7:22  Muscular Augments  
  83  7:23  Queen, Drone  
  83  7:25  Drone x2  
  83  7:27  Drone x2  
  83  7:28  Overlord  
  87  7:33  Overlord x2  
  84  7:40  Overlord x2  
  84  7:48  Drone x3  
  84  7:49  Drone x2  
  84  7:50  Overlord  
  89  7:58  Zerg Missile Weapons Level 2  
  89  7:59  Hydralisk  
  89  8:00  Hydralisk  
  89  8:01  Hydralisk  
  95  8:08  Hydralisk x2  
  99  8:14  Hydralisk  
  99  8:15  Hydralisk  
  102  8:21  Overlord x3  
  102  8:27  Overlord  
  102  8:37  Overlord x2  
  96  8:49  Drone  
  96  8:50  Drone x4  
  96  8:51  Drone x2  
  96  8:52  Drone x2  
  96  8:53  Overlord x2  
  104  8:57  Overseer  
  104  8:58  Hydralisk  
  106  9:06  Hydralisk x4  
  111  9:10  Overlord  
  111  9:16  Drone  
  111  9:17  Drone  
  111  9:21  Hydralisk x3  
  115  9:28  Hydralisk x3  
  121  9:32  Queen  
  123  9:38  Hydralisk x2  
  127  9:46  Lurker x6  
  127  9:47  Lurker  
  127  9:48  Lurker  
  127  9:49  Lurker  
  136  10:04  Overlord x3  
  136  10:10  Overlord  
  136  10:12  Hydralisk x5  
  146  10:19  Overlord x2  
  146  10:20  Overlord  
  146  10:26  Hydralisk x2  
  150  10:31  Hydralisk  
  150  10:32  Hydralisk  
  154  10:36  Hydralisk x2  
  154  10:40  Lurker x3  
  161  10:43  Hydralisk  
  159  10:52  Hydralisk x4  
Show
View Real Time Build Order
Export as new Build Order

Neeb Protoss - Winner!

Build Orders: 1 Gate Expand 

Get SALT Encoding   

  12  0:00  Probe (Chrono Boost)  
  13  0:11  Probe (Chrono Boost)  
  14  0:18  Pylon  
  14  0:22  Probe (Chrono Boost)  
  15  0:36  Probe (Chrono Boost)  
  15  0:37  Gateway  
  16  0:47  Probe (Chrono Boost)  
  17  0:57  Probe (Chrono Boost)  
  17  0:58  Assimilator  
  18  1:08  Probe (Chrono Boost)  
  19  1:20  Nexus  
  19  1:22  Probe (Chrono Boost)  
  20  1:32  Cybernetics Core  
  20  1:35  Probe (Chrono Boost)  
  21  1:42  Assimilator  
  21  1:46  Probe (Chrono Boost)  
  22  1:51  Pylon  
  22  1:57  Probe (Chrono Boost)  
  23  2:08  Warp Gate (Chrono Boost)  
  23  2:09  Probe (Chrono Boost), Adept (Chrono Boost)  
  26  2:21  Probe  
  27  2:31  Probe (Chrono Boost)  
  27  2:33  Probe (Chrono Boost), Stalker (Chrono Boost)  
  31  2:41  Probe  
  32  2:45  Probe  
  33  2:51  Probe  
  33  2:57  Probe (Chrono Boost)  
  35  3:03  Gateway, Probe (Chrono Boost)  
  35  3:04  Gateway  
  36  3:09  Probe (Chrono Boost)  
  37  3:14  Probe (Chrono Boost)  
  37  3:19  Probe (Chrono Boost)  
  39  3:25  Probe (Chrono Boost)  
  40  3:30  Stargate, Probe (Chrono Boost)  
  40  3:32  Stargate  
  40  3:33  Assimilator  
  39  3:35  Probe (Chrono Boost)  
  39  3:36  Pylon  
  39  3:37  Assimilator  
  39  3:40  Probe (Chrono Boost)  
  39  3:41  Pylon  
  41  3:43  Mothership Core  
  43  3:52  Probe  
  44  4:04  Probe x2 (Chrono Boost)  
  46  4:11  Protoss Air Weapons Level 1  
  46  4:14  Phoenix (Chrono Boost)  
  46  4:15  Probe x2 (Chrono Boost)  
  50  4:19  Phoenix (Chrono Boost)  
  50  4:21  Pylon  
  52  4:27  Probe x2  
  52  4:29  Adept x2  
  52  4:30  Adept  
  60  4:37  Phoenix (Chrono Boost)  
  62  4:41  Phoenix (Chrono Boost), Probe x2  
  66  4:51  Pylon  
  66  4:57  Nexus  
  66  5:02  Phoenix (Chrono Boost)  
  66  5:03  Pylon  
  68  5:08  Phoenix (Chrono Boost)  
  70  5:17  Adept  
  70  5:18  Adept x2  
  76  5:26  Probe x2  
  78  5:29  Phoenix (Chrono Boost)  
  78  5:33  Phoenix (Chrono Boost)  
  82  5:36  Pylon  
  82  5:39  Adept x2  
  86  5:52  Pylon  
  86  5:54  Probe x2  
  86  5:55  Phoenix (Chrono Boost)  
  90  5:59  Phoenix (Chrono Boost)  
  90  6:03  Pylon  
  92  6:06  Probe x2  
  94  6:14  Probe  
  94  6:16  Phoenix (Chrono Boost)  
  91  6:18  Probe x2  
  91  6:21  Phoenix (Chrono Boost)  
  91  6:25  Probe  
  91  6:31  Probe x2, Assimilator  
  92  6:35  Probe, Assimilator  
  92  6:38  Phoenix (Chrono Boost)  
  95  6:43  Probe x2  
  95  6:46  Probe  
  97  6:49  Robotics Facility  
  97  6:50  Robotics Facility  
  97  6:51  Phoenix (Chrono Boost)  
  98  6:55  Probe x2  
  98  6:59  Zealot, Sentry  
  98  7:00  Zealot  
  104  7:04  Phoenix (Chrono Boost), Probe  
  105  7:14  Forge  
  105  7:15  Twilight Council  
  105  7:17  Pylon  
  101  7:35  Immortal (Chrono Boost)  
  102  7:37  Observer (Chrono Boost)  
  102  7:42  Gateway x2  
  102  7:43  Gateway  
  106  7:45  Charge  
  106  7:46  Zealot x3  
  106  7:48  Gateway x2  
  112  7:52  Pylon  
  112  7:53  Templar Archives  
  112  7:56  Immortal (Chrono Boost)  
  112  7:58  Protoss Ground Weapons Level 1 (Chrono Boost)  
  116  8:06  Pylon, Immortal  
  120  8:27  Zealot x3  
  126  8:34  Immortal  
  126  8:36  Pylon  
  126  8:40  Immortal  
  130  8:51  Nexus  
  130  8:55  High Templar x2, Zealot x2  
  138  8:59  Archon  
  138  9:07  High Templar x2, Zealot  
  144  9:13  Oracle  
  144  9:14  Immortal  
  144  9:15  Archon  
  151  9:17  Oracle  
  151  9:23  Zealot  
  156  9:26  Pylon x2  
  156  9:27  Warp Prism, Pylon x2  
  156  9:36  Pylon  
  154  9:40  Protoss Ground Weapons Level 2 (Chrono Boost)  
  154  9:43  Pylon  
  154  9:51  High Templar x2, Zealot  
  154  9:52  Zealot x4  
  168  9:53  Immortal  
  168  9:55  Archon  
  168  9:59  Assimilator  
  172  10:04  Assimilator  
  172  10:14  High Templar x2  
  172  10:15  Zealot x3  
  172  10:19  Archon  
  182  10:22  Immortal  
  184  10:36  Zealot  
  184  10:37  Zealot x5  
  184  10:40  Immortal  
  200  10:49  Zealot x2  
  200  10:56  Immortal  
Tags
 
Add a new tag
Caveats
  • Supply blocks, unpowered buildings, or Contaminate may cause inaccurate times.
  • Supply counts are checked every 10 seconds.